 Dungeon Crawl Stone Soup version 0.28.0-43-g3370ac3207 (webtiles) character file.

Game seed: 12612307404311860858

306 Hrothgar the Chopper (level 6, -8/48 HPs)
             Began as a Human Fighter on Mar 3, 2022.
             Was an Initiate of Ru.
             Mangled by an ogre
             ... wielding a +0 giant spiked club
              (14 damage)
             ... on level 4 of the Dungeon.
             The game lasted 00:16:15 (2666 turns).

Hrothgar the Chopper (Human Fighter)                Turns: 2666, Time: 00:16:15

Health: -8/48      AC: 12    Str: 16    XL:     6   Next: 67%
Magic:  7/7        EV:  9    Int: 10    God:    Ru [......]
Gold:   123        SH:  5    Dex: 13    Spells: 7/7 levels left

rFire   + . .      SeeInvis .   a - +3 war axe
rCold   x . .      Faith    .   c - +0 buckler
rNeg    . . .      Spirit   .   b - +1 scale mail
rPois   .          Reflect  .   (no helmet)
rElec   .          Harm     .   (no cloak)
rCorr   .          Rampage  .   (no gloves)
Will    .....                   (no boots)
Stlth   ..........              (no amulet)
HPRegen 0.00/turn               i - ring of fire
MPRegen 0.10/turn               q - +4 ring of protection

@: mighty, inhibited regen
A: inhibited regeneration
a: Renounce Religion


You were on level 4 of the Dungeon.
You worshipped Ru.
Ru was noncommittal.
You visited 1 branch of the dungeon, and saw 4 of its levels.

You collected 123 gold pieces.

Inventory:

Hand Weapons
 a - a +3 war axe (weapon)
 f - a +1 hunting sling
Armour
 b - a +1 scale mail (worn)
 c - a +0 buckler (worn)
Jewellery
 i - a ring of fire (left hand)
 q - a +4 ring of protection (right hand)
Scrolls
 o - 2 scrolls of fog
 p - a scroll of magic mapping
Potions
 e - a potion of berserk rage {unknown}
 g - a potion of curing {unknown}
 h - a potion of attraction {unknown}
 j - a potion of mutation {unknown}
 k - a potion of magic
 m - a potion of haste {unknown}


   Skills:
 * Level 3.7 Fighting
 * Level 3.9 Axes
 * Level 1.1(1.5) Slings
 * Level 1.4(1.6) Throwing
 * Level 3.8 Armour
 * Level 1.1 Dodging
 * Level 1.2 Stealth
 * Level 3.4 Shields
 * Level 1.2 Spellcasting


You had 7 spell levels left.
You didn't know any spells.
Your spell library contained the following spells:

 Spells                   Type           Power      Damage    Failure   Level
 Sublimation of Blood     Necr           0%         N/A       93%         2
 Wereblood                Tmut           0%         N/A       93%         2
 Summon Hydra             Summ           0%         N/A       100%        7


Dungeon Overview and Level Annotations

Branches:
Dungeon (4/15)
 Temple: D:4-7

Altars:
Ru


Innate Abilities, Weirdness & Mutations

You do not regenerate when monsters are visible.


Message History

Press: ? - help, Q - select action Shift-Dir - straight line, f/p - ogre
Aim: an ogre, wielding a +0 giant spiked club (73% to hit)
You throw a javelin. The javelin pierces through the ogre.
The ogre is lightly wounded.
Throw: 3 javelins
Press: ? - help, Q - select action Shift-Dir - straight line, f/p - ogre
Aim: an ogre, wielding a +0 giant spiked club (lightly wounded, 73% to hit)
You throw a javelin. The javelin pierces through the ogre.
The ogre is moderately wounded.
You barely miss the ogre.
The ogre is moderately wounded.
The ogre hits you with a +0 giant spiked club!
Okay, then.
You hit the ogre.
The ogre is heavily wounded.
The ogre hits you with a +0 giant spiked club!!
Ouch! That really hurt!
* * * LOW HITPOINT WARNING * * *
As you read the scroll of fear, it crumbles to dust.
You assume a fearsome visage.
The ogre looks frightened!
The ogre gives up.
You start resting.
An ogre is nearby!
Throw: 2 javelins
Press: ? - help, Q - select action Shift-Dir - straight line, f/p - ogre
Aim: an ogre, wielding a +0 giant spiked club (moderately wounded, 73% to hit)
You throw a javelin. The javelin pierces through the ogre.
The ogre is heavily wounded.
Throw: javelin
Press: ? - help, Q - select action Shift-Dir - straight line, f/p - ogre
Aim: an ogre, wielding a +0 giant spiked club (heavily wounded, 73% to hit)
You throw a javelin. The javelin pierces through the ogre.
The ogre is severely wounded.
You block the ogre's attack.
Okay, then.
It was a potion of magic.
Magic courses through your body.
Okay, then.
You feel very mighty all of a sudden.
The ogre hits you with a +0 giant spiked club!
You die...

,,,,,,,,*##.........<.....####..#
,,****,,.........................
,,* *,*####...................##
+#* *,* #...................## .#
##+#####..............####... .#
#.....................#......
.####.....................#......
................O.........#......
.####...........@.........#......
.......#####..............#......
.......# #...<..........#......
.......# #.#######.######......
..###### #.# #.# #...... #.# #.#
#.# #...... ..# #.#** *.# #......
*## *,,,* *,* #...... ** **,,,**
*,* #......


You could see an ogre.

Vanquished Creatures
  Grinder (D:3)
  An orc wizard (D:3)
  A hound skeleton (D:4)
  2 adders
  A worm (D:2)
  2 dart slugs
  4 orcs (D:3)
  3 ball pythons
  6 bats
  2 endoplasms
  A giant cockroach (D:2)
  6 goblins
  5 hobgoblins
  2 jackals (D:3)
  2 kobolds
  3 quokkas
  A frilled lizard (D:1)
  2 rats
45 creatures vanquished.

Notes
Turn   | Place    | Note
-------+----------+-------------------------------------------
     0 | D:1      | Hrothgar the Human Fighter began the quest for the Orb.
     0 | D:1      | Reached XP level 1. HP: 18/18 MP: 1/1
   128 | D:1      | Reached XP level 2. HP: 21/24 MP: 2/2
   537 | D:2      | Reached XP level 3. HP: 29/29 MP: 3/3
   812 | D:2      | Found a faded altar of an unknown god.
   819 | D:2      | Prayed at the altar of an unknown god.
   819 | D:2      | Became a worshipper of Ru the Awakened
   823 | D:2      | Gained mutation: You do not regenerate when monsters are
                  | visible. [Ru sacrifice]
  1705 | D:3      | Reached XP level 4. HP: 28/35 MP: 4/4
  2130 | D:3      | Noticed Grinder
  2132 | D:3      | Paralysed by Grinder for 4 turns
  2153 | D:3      | Paralysed by Grinder for 3 turns
  2159 | D:3      | Killed Grinder
  2160 | D:3      | Reached skill level 1 in Slings
  2160 | D:3      | Reached skill level 1 in Throwing
  2160 | D:3      | Reached skill level 1 in Dodging
  2160 | D:3      | Reached skill level 1 in Stealth
  2160 | D:3      | Reached skill level 1 in Spellcasting
  2160 | D:3      | Reached XP level 5. HP: 28/42 MP: 4/6
  2160 | D:3      | Reached XP level 6. HP: 32/48 MP: 4/7
  2626 | D:4      | Noticed an ogre
  2666 | D:4      | Mangled by an ogre

Illustrated notes

Levels and vault maps discovered:
D:1:      doesnt_arrival_eight_statues, layout_rooms
D:2:      layout_basic, shapermc_ecumenical_altar_hornbeckon
D:3:      layout_rooms, grunt_ministairs_11, uniq_grinder
D:4:      layout_basic, nicolae_dithmenos_the_darkroom,
          mainiacjoe_overflow_alcove_2

Skill      XL: |  1  2  3  4 |
---------------+-------------+-----
Axes           | 3 |  3.9
Slings         | 1 |  1.1
Throwing       | 1 |  1.4
Dodging        | 1 |  1.1
Stealth        | 1 |  1.2
Spellcasting   | 1 |  1.2
Fighting       | |  3.7
Armour         | |  3.8
Shields        | |  3.4

Action                   |  1- 3 |  4- 6 || total
-------------------------+-------+-------++-------
Melee: War axe           |    78 |    52 ||   130
Throw: Throwing net      |     7 |     1 ||     8
       Javelin           |       |     8 ||     8
Invok: Sacrifice Purity  |     1 |       ||     1
  Use: Scroll            |     3 |     7 ||    10
       Potion            |       |     7 ||     7
Armor: Scale mail        |    39 |    24 ||    63
Dodge: Dodged            |    31 |    12 ||    43
Block: Buckler           |    21 |    11 ||    32
